 Dungeon Crawl Stone Soup version 0.32-a0-893-gf85d74f (webtiles) character file.

Game seed: 4026770286300682106

3768 wakwak the Cleaver (level 9, -3/83 HPs)
             Began as a Minotaur Fighter on Apr 3, 2024.
             Slain by a vampire (6 damage)
             ... on level 7 of the Dungeon.
             The game lasted 00:09:07 (6522 turns).

wakwak the Cleaver (Minotaur Fighter)               Turns: 6522, Time: 00:09:08

Health: -3/83      AC: 10    Str: 31    XL:     9   Next: 94%
Magic:  11/11      EV:  9    Int:  5    God:
Gold:   419        SH:  5    Dex: 10    Spells: 8/8 levels left

rFire   . . .        a - +0 war axe
rCold   . . .        c - +0 buckler
rNeg    . . .        f - +0 swamp dragon scales
rPois   +            (helmet restricted)
rElec   .            w - +0 cloak
rCorr   .            (no gloves)
SInv    .            (no boots)
Will    .....        d - amulet of the acrobat Stlth
                     h - +6 ring of strength
HPRegen 0.33/turn    (no ring)
MPRegen 0.12/turn

%: acrobat
@: attractive
A: horns 2, retaliatory headbutt
a: no special abilities


You were on level 7 of the Dungeon.
You visited 2 branches of the dungeon, and saw 8 of its levels.
You also visited: Sewer.

You collected 419 gold pieces.

Inventory:

Hand Weapons
 a - a +0 war axe (weapon)
Missiles
 e - 9 javelins
 v - 5 poisoned darts (quivered)
Armour
 b - a +0 scale mail
 c - a +0 buckler (worn)
 f - +0 swamp dragon scales (worn)
 i - a +0 chain mail
 w - a +0 cloak (worn)
 y - the +6 leather armour "Teuloir" {Dex+3}
   (You found it on level 6 of the Dungeon)

   Dex+3:     It affects your dexterity (+3).
Magical Staves
 l - a staff of death
Jewellery
 d - an amulet of the acrobat (around neck)
 h - a +6 ring of strength (left hand)
 t - an amulet of guardian spirit
 D - a ring of protection from cold
Talismans
 m - the blade talisman of Weightlessness {Fly rF+ Stlth+}
   (You found it on level 4 of the Dungeon)

   [blade talisman]

   rF+:       It protects you from fire.
   Fly:       It grants you flight.
   Stlth+:    It makes you more stealthy.
Wands
 o - a wand of charming (6)
 x - a wand of flame (22)
 C - a wand of polymorph (1)
Scrolls
 g - 3 scrolls of noise
 k - a scroll of teleportation {!r!r}
 n - 2 scrolls of revelation {!r!r}
 u - a scroll of immolation
 z - a scroll of fog {!r!r}
 A - a scroll of enchant armour {unknown}
Potions
 j - 2 potions of enlightenment {!q!q!q!q}
 q - 2 potions of mutation {unknown}
 s - 4 potions of haste {!q!q}
 B - a potion of heal wounds {!q!q}


   Skills:
 - Level 9.0 Fighting
 + Level 10.0 Axes
 + Level 6.9 Armour
 + Level 6.8 Shields
 + Level 4.6 Invocations
 - Level 4.0 Evocations


You had 8 spell levels left.
You didn't know any spells.
Your spell library contained the following spells:

 Spells                   Type           Power      Damage    Failure   Level
 Magic Dart               Conj           0%         1d3       63%         1
 Shock                    Conj/Air       0%         1d3       63%         1
 Slow                     Hex            0%         N/A       63%         1
 Searing Ray              Conj           0%         2d4       77%         2
 Call Canine Familiar     Summ           0%         N/A       94%         3
 Confusing Touch          Hex            0%         N/A       94%         3
 Fugue of the Fallen      Necr           0%         N/A       94%         3
 Ozocubu's Armour         Ice            0%         N/A       94%         3
 Sigil of Binding         Hex            0%         N/A       94%         3
 Swiftness                Air            0%         N/A       94%         3
 Tukima's Dance           Hex            0%         N/A       94%         3
 Vampiric Draining        Necr           0%         2d6       94%         3
 Airstrike                Air            0%         2d(0-16)  100%        4
 Dimensional Bullseye     Hex/Tloc       0%         N/A       100%        4
 Fulminant Prism          Conj/Alch      0%         3d5       100%        4
 Iskenderun's Mystic Bla Conj/Tloc 0%             2d3        (+2d1     100%        4
 Manifold Assault         Tloc           0%         N/A       100%        7


Dungeon Overview and Level Annotations

Branches:
Dungeon (7/15)             Temple (1/1) D:6           Sewer (visited)

Altars:
Ashenzari
Dithmenos
Elyvilon
Fedhas
Gozag
Kikubaaqudgha
Makhleb
Nemelex Xobeh
Qazlal
Sif Muna
Trog
Vehumet
Wu Jian
Xom
Yredelemnul
Zin

Shops:
D:2 :


Innate Abilities, Weirdness & Mutations

You have a pair of horns on your head.
You reflexively headbutt those who attack you in melee.


Message History

The gnoll picks up the pace!
Something hits you.
* * * LOW HITPOINT WARNING * * *
Something bites you!
* * * LOW HITPOINT WARNING * * *
Something draws strength from your injuries!
You take 15 damage, and have 16/83 hp.
You hit something. Something draws life force from you!
* * * LOW HITPOINT WARNING * * *
You take 10 damage, and have 6/83 hp.
Unknown command.
Unknown command.
You feel better. Something hits you but does no damage.
Something bites you but does no damage.
Unknown command.
Unknown command.
Unknown command.
You miss something. Something hits you but does no damage. Something bites you!
* * * LOW HITPOINT WARNING * * *
Something draws strength from your injuries!
You take 8 damage, and have 7/83 hp.
Unknown command.
Okay, then.
As you read the scroll of fear {!r!r}, it crumbles to dust.
You assume a fearsome visage.
The white imp looks frightened!
The orc warrior looks frightened!
The gnoll bouda looks frightened!
The gnoll looks frightened!
Something hits you but does no damage. Something bites you.
* * * LOW HITPOINT WARNING * * *
Something draws strength from your injuries!
You take 3 damage, and have 4/83 hp.
Unknown command.
It was a potion of attraction.
You feel attractive to monsters. Something hits you.
* * * LOW HITPOINT WARNING * * *
Something bites you.
You die...

.. #........#######. #... #
#.##.#####.........#
#...#.###.........########.
....................######
...#######.##.......?.# #
..#.#.#.#.#.#..##.##.# #
#.#^^^^^#...##.##.##)### #
#.#########........#.##.
.##..###.ogg){@'.#..#.###.#...<
.......5.#########...## #.####.
##...###.#^^^^^#....## #.# #.
..s.####.#.#.#.#.##.# #.# #.
.......(.#######.##.# #.# ##
...####.........##.# #.#
#........#####.##.# #.#####
...######## #.##......#.....
#.########.#####


You could see an orc warrior (fleeing), a gnoll bouda (fleeing), a gnoll (swift,
fleeing) and a white imp (fleeing).

Vanquished Creatures
  Pikel (D:4)
  Maggie (D:6)
  A gargoyle (D:5)
  Sigmund (D:3)
  Eustachio (D:6)
  4 water moccasins
  3 ogres
  A centaur (D:6)
  4 lemures (D:4)
  5 phantoms
  2 bullfrogs (Sewer)
  5 scorpions
  2 wyvern zombies (D:5)
  2 water moccasin skeletons (D:5)
  A centaur zombie (D:5)
  A jelly (D:4)
  Crazy Yiuf (D:3)
  An orc priest (D:4)
  2 hounds
  A human zombie (D:5)
  2 sleepcaps (D:7)
  A scorpion zombie (D:5)
  2 iguanas
  An orc wizard (D:3)
  Robin (D:4)
  2 gnolls (D:7)
  3 river rats (Sewer)
  14 adders
  2 ufetubi (D:6)
  An adder skeleton (D:5)
  4 ribbon worms
  3 dart slugs
  12 orcs
  8 endoplasms
  5 giant cockroaches
  13 goblins
  5 hobgoblins
  12 jackals
  2 quokkas
  17 ball pythons
  11 bats
  10 frilled lizards
  7 kobolds
  25 rats
203 creatures vanquished.

Notes
Turn   | Place    | Note
-------+----------+-------------------------------------------
     0 | D:1      | wakwak the Minotaur Fighter began the quest for the Orb.
     0 | D:1      | Reached XP level 1. HP: 19/19 MP: 0/0
   115 | D:1      | Reached skill level 3 in Axes
   166 | D:1      | Reached XP level 2. HP: 27/27 MP: 1/1
   437 | D:1      | Reached XP level 3. HP: 33/33 MP: 2/2
   703 | D:1      | Reached skill level 4 in Axes
   872 | D:2      | Found Fiqec's Book Boutique.
  1148 | D:2      | Found a faded altar of an unknown god.
  1193 | D:3      | Noticed Sigmund
  1205 | D:3      | Killed Sigmund
  1206 | D:3      | Reached skill level 5 in Fighting
  1206 | D:3      | Reached skill level 6 in Axes
  1206 | D:3      | Reached XP level 4. HP: 6/42 MP: 3/3
  1206 | D:3      | Reached XP level 5. HP: 6/48 MP: 4/4
  1530 | D:3      | Reached XP level 6. HP: 48/56 MP: 5/5
  1744 | D:3      | Found a glowing drain.
  1764 | Sewer    | Entered a sewer
  1837 | Sewer    | Reached skill level 7 in Axes
  2108 | Sewer    | Reached XP level 7. HP: 47/64 MP: 6/6
  2118 | Sewer    | Reached skill level 8 in Axes
  2649 | D:3      | Found a runed translucent door.
  2650 | D:3      | Noticed Crazy Yiuf
  2850 | D:3      | Killed Crazy Yiuf
  3212 | D:4      | Identified the blade talisman of Weightlessness {Fly rF+
                  | Stlth+}
  3439 | D:4      | Found a basalt altar of Yredelemnul.
  3683 | D:4      | Noticed Pikel
  3720 | D:4      | Killed Pikel
  3721 | D:4      | Reached skill level 9 in Axes
  3721 | D:4      | Reached XP level 8. HP: 30/78 MP: 7/7
  3896 | D:4      | Noticed Robin
  3903 | D:4      | Killed Robin
  3981 | D:5      | Entered Level 5 of the Dungeon
  4145 | D:5      | Noticed a gargoyle
  4161 | D:5      | Reached skill level 1 in Invocations
  4161 | D:5      | Reached skill level 1 in Evocations
  4193 | D:5      | Killed a gargoyle
  4313 | D:5      | Reached skill level 5 in Armour
  4313 | D:5      | Reached skill level 5 in Shields
  4387 | D:5      | Found an opulent altar of Gozag.
  4589 | D:5      | Reached XP level 9. HP: 81/83 MP: 10/10
  4640 | D:5      | Found an ancient bone altar of Kikubaaqudgha.
  5131 | D:6      | Noticed Maggie
  5132 | D:6      | Noticed Eustachio
  5155 | D:6      | Killed Eustachio
  5166 | D:6      | HP: 6/124 [Maggie/bolt of fire (2)]
  5169 | D:6      | Killed Maggie
  5414 | D:6      | Identified the +6 leather armour "Teuloir" {Dex+3}
  5699 | D:6      | Found a broken altar of Ashenzari.
  5808 | D:6      | Found a staircase to the Ecumenical Temple.
  5821 | Temple   | Entered the Ecumenical Temple
  6488 | D:7      | Reached skill level 10 in Axes
  6521 | D:7      | HP: 4/83 [something (4)]
  6522 | D:7      | Slain by a vampire

Illustrated notes

Levels and vault maps discovered:
D:1:      scummos_arrival_forest, layout_basic, nicolae_houndstooth_variations
D:2:      layout_rooms, shapermc_ecumenical_altar_mp_highgroup, serial_shops,
          shop
D:3:      cheibrodos_old_hovel, layout_loops_cross, cheibrodos_sewer_entry_bend,
          uniq_sigmund, uniq_crazy_yiuf_cottage
D:4:      layout_loops_cross, mainiacjoe_overflow_chevrons, uniq_robin,
          uniq_pikel
D:5:      layout_basic, lemuel_mausoleum_altar_kikubaaqudgha,
          lemuel_crystal_altar, minmay_chambers_of_fives
D:6:      layout_basic, general_overflow_altar, minmay_temple_entry_large_hall,
          uniq_maggie, uniq_eustachio
D:7:      layout_loops_ring, grunt_tough_drop
Temple:   hellmonk_temple_flake

Skill      XL: |  1  2  3  4  5  6  7  8  9 |
---------------+----------------------------+-----
Axes           | 3 6 7 9 10 | 10.0
Fighting       | 4 5 6 9 |  9.0
Armour         | 5 6 |  6.9
Shields        | 5 6 |  6.8
Invocations    | 2 4 |  4.6
Evocations     | 2 4 |  4.0

Action                     |  1- 3 |  4- 6 |  7- 9 || total
---------------------------+-------+-------+-------++-------
  Melee: War axe           |    87 |   104 |   312 ||   503
         Headbutt          |    10 |    11 |    56 ||    77
  Throw: Dart              |       |       |     1 ||     1
    Use: Scroll            |     5 |       |     9 ||    14
         Potion            |     4 |       |     7 ||    11
 Armour: Scale mail        |    55 |     7 |       ||    62
         Chain mail        |       |   119 |   169 ||   288
         Swamp dragon scal |       |       |    57 ||    57
         Skin              |       |       |     4 ||     4
  Dodge: Dodged            |    42 |    65 |   120 ||   227
  Block: Buckler           |    14 |    33 |    64 ||   111

Table legend: (Time is in decaauts)
 A = Elapsed time spent in this place.
 B = Non-inter-level travel time spent in this place.
 C = Inter-level travel time spent in this place.
 D = Time resting spent in this place.
 E = Time spent auto-exploring this place.
 F = Levels seen in this place.
 G = Mean time per level.
                   A        B        C        D        E       F      G
               +--------+--------+--------+--------+--------+-----+--------+
         Total |   6617 |   6364 |    253 |    347 |   4624 |   9 |  735.2 |
       Dungeon |   6039 |   5786 |    253 |    347 |   4207 |   7 |  862.7 |
        Temple |      1 |      1 |      0 |      0 |      0 |   1 |    1.0 |
         Sewer |    576 |    576 |      0 |      0 |    416 |   1 |  576.0 |
               +--------+--------+--------+--------+--------+-----+--------+

Top non-repeatable levels by time:
     D:3: 1495 daAuts
     D:5: 1175 daAuts
     D:6: 1069 daAuts
     D:1: 833 daAuts
     D:4: 771 daAuts
   Sewer: 576 daAuts
     D:2: 388 daAuts
     D:7: 305 daAuts
  Temple: 1 daAuts
